 Dungeon Crawl Stone Soup version 0.30-a0-800-g7c544603b3 (webtiles) character file.

Game seed: 3092170464617110746

37268 Newt the Protected (level 13, -4/88 HPs)
             Began as a Demonspawn Gladiator on Feb 22, 2023.
             Was a High Priest of Hepliaklqana.
             Slain by an eight-headed hydra (8 damage)
             ... on level 4 of the Lair of Beasts.
             The game lasted 00:21:00 (15648 turns).

Newt the Protected (Demonspawn Gladiator)          Turns: 15648, Time: 00:21:01

Health: -4/88      AC: 16    Str: 21    XL:     13   Next: 57%
Magic:  0/25       EV: 14    Int: 13    God:    Hepliaklqana [*****.]
Gold:   597        SH: 16    Dex: 15    Spells: 23/28 levels left

rFire   . . .      SeeInvis +    e - +2 whip (venom)
rCold   . . .      Faith    .    M - +0 tower shield of the Wasteland {Regen+ Str+2 Int+3}
rNeg    . . .      Spirit   +    U - +3 troll leather armour {Snorg}
rPois   +          Reflect  .    (helmet restricted)
rElec   .          Harm     .    D - +0 cloak
rCorr   +          Rampage  .    (no gloves)
Will    .....                    p - +2 pair of boots of Idealism {*Slow rPois rCorr SInv}
Stlth   ++                       i - amulet of guardian spirit
HPRegen 1.94/turn                V - ring of wizardry
MPRegen 0.19/turn                R - ring of wizardry

@: agile
A: reduced essence, horns 2, yellow scales 2, ignite blood 1, powered by pain 1
a: Renounce Religion, Recall Ancestor, Ancestor Identity, Transference, Idealise


You were on level 4 of the Lair of Beasts.
You worshipped Hepliaklqana.
Hepliaklqana was extremely pleased with you.
You visited 3 branches of the dungeon, and saw 17 of its levels.

You collected 1515 gold pieces.
You spent 918 gold pieces at shops.

Inventory:

Hand Weapons
 a - a +0 heavy rapier
 e - a +2 whip of venom (weapon)
 f - a +3 whip of electrocution
Missiles
 d - 9 throwing nets (quivered)
 k - 16 poisoned darts
 Z - 2 silver javelins
Armour
 b - a +0 leather armour
 c - a +1 helmet
 p - the +2 pair of boots of Idealism (worn) {*Slow rPois rCorr SInv}
   (You found it on level 2 of the Dungeon)

   rPois:     It protects you from poison.
   SInv:      It lets you see invisible.
   rCorr:     It protects you from acid and corrosion.
   *Slow:     It may slow you when you take damage.
 y - an orb of guile
 D - a +0 cloak (worn)
 F - a +2 buckler
 M - the +0 tower shield of the Wasteland (worn) {Regen+ Str+2 Int+3}
   (You bought it in a shop on level 9 of the Dungeon)

   Str:       It affects your strength (+2).
   Int:       It affects your intelligence (+3).
   Regen:     It increases your rate of health regeneration.
 N - +0 acid dragon scales
 U - a +3 troll leather armour (worn) {Snorg}
Jewellery
 i - an amulet of guardian spirit (around neck)
 j - a ring of willpower
 q - a +6 ring of intelligence
 r - a +4 ring of protection
 u - a ring of flight
 I - a ring of ice
 J - a ring of protection from cold
 Q - an amulet of magic regeneration
 R - a ring of wizardry (right hand)
 V - a ring of wizardry (left hand)
 Y - a +4 ring of protection
Wands
 n - a wand of mindburst (8)
 G - a wand of paralysis (32)
 H - a wand of polymorph (4)
 L - a wand of digging (6)
 T - a wand of flame (18)
Scrolls
 s - 3 scrolls of magic mapping
 w - 5 scrolls of teleportation
 B - a scroll of blinking
 O - 2 scrolls of enchant armour
 P - a scroll of vulnerability
 S - a scroll of poison
 W - a scroll of amnesia
 X - 2 scrolls of enchant weapon
Potions
 g - 3 potions of haste
 h - 2 potions of ambrosia
 l - 4 potions of lignification
 m - a potion of resistance
 o - 5 potions of brilliance
 t - a potion of magic
 v - 2 potions of might
 x - 5 potions of curing
 z - 2 potions of mutation
 A - 4 potions of flight
 C - 3 potions of attraction
 E - a potion of cancellation
 K - 3 potions of degeneration


   Skills:
 - Level 8.0 Fighting
 - Level 2.6 Short Blades
 + Level 9.1 Maces & Flails
 - Level 1.7 Throwing
 - Level 10.0 Armour
 - Level 2.6 Dodging
 - Level 1.5 Stealth
 - Level 10.0 Shields
 - Level 8.0 Spellcasting
 - Level 6.0 Hexes
 - Level 8.0 Invocations
 - Level 5.0 Evocations


You had 23 spell levels left.
You knew the following spells:

 Your Spells              Type           Power      Damage    Failure   Level
a - Tukima's Dance        Hex            20%        N/A       7%          3
b - Ensorcelled Hibernat  Hex/Ice        26%        N/A       11%         2

Your spell library contained the following spells:

 Spells                   Type           Power      Damage    Failure   Level
 Freeze                   Ice            20%        1d4       24%         1
 Magic Dart               Conj           20%        1d4       24%         1
 Call Imp                 Summ           5%         N/A       34%         2
 Cigotuvi's Dreadful Rot  Necr/Pois/Air  10%        N/A       34%         2
 Passwall                 Tmut/Erth      4%         N/A       34%         2
 Poisonous Vapours        Pois/Air       10%        N/A       34%         2
 Static Discharge         Conj/Air       10%        2-3/arc   34%         2
 Frozen Ramparts          Ice            10%        1d2       54%         3
 Gell's Gravitas          Tloc           5%         N/A       54%         3
 Hailstorm                Conj/Ice       5%         3d4       54%         3
 Mephitic Cloud           Conj/Pois/Air  5%         N/A       54%         3
 Ozocubu's Armour         Ice            5%         N/A       54%         3
 Swiftness                Air            5%         N/A       54%         3
 Teleport Other           Tloc           5%         N/A       54%         3
 Vhi's Electric Charge    Tloc/Air       10%        N/A       54%         3
 Metabolic Englaciation   Hex/Ice        6%         N/A       86%         5
 Yara's Violent Unravell  Hex/Tmut       6%         3d5       86%         5
 Passage of Golubria      Tloc           5%         N/A       90%         4
 Summon Lightning Spire   Summ/Air       5%         N/A       90%         4
 Arcjolt                  Conj/Air       2%         1d12      99%         5
 Lightning Bolt           Conj/Air       2%         1d14      99%         5
 Dispersal                Tloc           2%         N/A       100%        6
 Simulacrum               Ice/Necr       2%         N/A       100%        6
 Ozocubu's Refrigeration  Ice            2%         4d8       100%        7
 Storm Form               Tmut/Air       2%         N/A       100%        7
 Maxwell's Capacitive Co  Air            2%         ∞         100%        8


Dungeon Overview and Level Annotations

Branches:
Dungeon (12/15)            Temple (1/1) D:5            Lair (4/5) D:9
 Shoals (0/4) Lair:2       Spider (0/4) Lair:2          Orc (0/2) D:9
  Slime: Lair:4-5

Altars:
Ashenzari
Cheibriados
Dithmenos
Fedhas
Gozag
Hepliaklqana
Kikubaaqudgha
Makhleb
Nemelex Xobeh
Okawaru
Qazlal
Ru
Sif Muna
Trog
Uskayaw
Vehumet
Wu Jian
Xom
Yredelemnul

Shops:
D:5 !:?   D:9 *   D:10 **

Annotations:
D:12 2 transporters, sasquatch's ghost, journeyman DsGl


Innate Abilities, Weirdness & Mutations

Your life essence is reduced to manifest your ancestor. (-10% HP)
You have a pair of horns on your head.
You are mostly covered in yellow scales. (AC +3)
Your demonic aura sometimes causes spilled blood to erupt in flames.
You sometimes gain a little power by taking damage.


Message History

The eight-headed hydra closely misses you.
The eight-headed hydra bites you but does no damage.
You block the eight-headed hydra's attack. x2
The eight-headed hydra bites you! x2
* * * LOW HITPOINT WARNING * * *
The eight-headed hydra bites you.
The eight-headed hydra barely misses you.
You hit the eight-headed hydra but do no damage.
The eight-headed hydra is heavily wounded.
You block the eight-headed hydra's attack. x3
The eight-headed hydra bites you but does no damage. x2
The eight-headed hydra barely misses you.
You block the eight-headed hydra's attack.
The eight-headed hydra bites you!
* * * LOW HITPOINT WARNING * * *
You focus on the pain.
You feel your power returning.
Aiming: Mindburst
Press: ? - help, Shift-Dir - straight line, f - eight-headed hydra
Aim: an eight-headed hydra (heavily wounded, very poisoned, chance to affect: 50%)
The eight-headed hydra resists with some effort.
The eight-headed hydra closely misses you.
The eight-headed hydra bites you but does no damage. x2
The eight-headed hydra bites you!
* * * LOW HITPOINT WARNING * * *
The eight-headed hydra closely misses you.
The eight-headed hydra bites you!
* * * LOW HITPOINT WARNING * * *
You block the eight-headed hydra's attack.
The eight-headed hydra bites you but does no damage.
Aiming: Mindburst
Press: ? - help, Shift-Dir - straight line, f/p - eight-headed hydra
Aim: an eight-headed hydra (heavily wounded, poisoned, chance to affect: 50%)
The eight-headed hydra resists with some effort.
The eight-headed hydra bites you.
* * * LOW HITPOINT WARNING * * *
You block the eight-headed hydra's attack.
The eight-headed hydra bites you.
* * * LOW HITPOINT WARNING * * *
The eight-headed hydra bites you!
You die...

.#.#+###.....#....
...........###....
...........# #....
###.........# ##^..
#......P#...# ##..
#P.÷....##.## .#
#......###.## ..
####D.÷....#..#
#...@....#....#
#...<....[#........
#....P#............
##....#.###.......#
#.......# ........#
##.....## ......###
#P...## #.[..###
...... .....#
#.....P ..


You could see an eight-headed hydra (poisoned).

Vanquished Creatures
  Frances (D:12)
  Gastronok (D:12)
  Snorg (D:10)
  3 hydras
  A boulder beetle (Lair:4)
  3 two-headed ogres
  A skyshark (Lair:2)
  Nergalle (D:12)
  Pikel (D:8)
  3 cyclopes
  3 ugly things
  A manticore (D:11)
  4 elephants (Lair:1)
  2 slime creatures (D:12)
  3 black mambas (Lair:3)
  A cane toad (Lair:1)
  An unseen horror (D:12)
  A rime drake (D:9)
  3 komodo dragons
  A meliai (Lair:2)
  A troll (D:9)
  2 polar bears
  A hornet (D:9)
  10 blink frogs
  2 shadows (D:11)
  3 wyverns
  33 yaks
  A basilisk (Lair:2)
  A steam dragon (Lair:4)
  2 vampire mosquitoes (D:12)
  A dancing weapon (D:12)
  4 acid dragons
  4 water moccasins
  3 ice beasts
  A black bear (D:5)
  3 orc warriors
  3 ogres
  5 centaurs
  2 wolves (D:9)
  A lemure (D:8)
  A phantom (D:4)
  A kobold brigand (D:10)
  Blork the orc (D:6)
  4 bullfrogs
  A gnoll sergeant (D:7)
  2 scorpions
  12 killer bees
  9 howler monkeys
  4 hounds
  Crazy Yiuf (D:7)
  A gnoll bouda (D:6)
  An orc priest (D:6)
  7 iguanas
  Jessica (D:3)
  Terence (D:3)
  5 orc wizards
  12 gnolls
  8 adders
  3 shadow imps
  3 white imps
  8 dart slugs
  20 orcs
  3 endoplasms
  8 giant cockroaches
  9 goblins
  2 hobgoblins
  6 quokkas
  7 ball pythons
  2 bats
  8 frilled lizards
  9 kobolds
  7 rats
286 creatures vanquished.

Vanquished Creatures (collateral kills)
  A hydra (Lair:3)
  The ghost of Newt the Skirmisher, a journeyman KoHu of Hepliaklqana (Lair:1)
  A two-headed ogre (D:10)
  A skyshark (Lair:3)
  An ugly thing (D:11)
  A gargoyle (D:12)
  2 rime drakes
  An unseen horror (D:9)
  2 komodo dragons
  A troll (D:10)
  3 blink frogs
  2 slime creatures (D:12)
  A shadow (D:9)
  9 yaks
  A wyvern (D:9)
  A basilisk (Lair:2)
  A vampire mosquito (D:12)
  A steam dragon (Lair:2)
  4 water moccasins
  A centaur (D:7)
  2 killer bees
  3 howler monkeys
  A kobold (D:10)
42 creatures vanquished.

Vanquished Creatures (others)
  3 dancing weapons
  5 knights
  4 ancestors
  8 fungi
  6 plants
  5 toadstools (D:8)
31 creatures vanquished.

Grand Total: 359 creatures vanquished

Notes
Turn   | Place    | Note
-------+----------+-------------------------------------------
     0 | D:1      | Newt the Demonspawn Gladiator began the quest for the Orb.
     0 | D:1      | Reached XP level 1. HP: 16/16 MP: 1/1
    84 | D:1      | Reached skill level 1 in Stealth
   151 | D:1      | Gained mutation: You are partially covered in yellow
                  | scales. (AC +2) [demonic ancestry]
   151 | D:1      | Reached XP level 2. HP: 21/22 MP: 2/2
   677 | D:1      | Gained mutation: Your demonic aura sometimes causes spilled
                  | blood to erupt in flames. [demonic ancestry]
   677 | D:1      | Reached XP level 3. HP: 29/29 MP: 3/3
  1434 | D:2      | Identified the +2 pair of boots of Idealism {*Slow rPois
                  | rCorr SInv}
  1904 | D:3      | Reached XP level 4. HP: 29/37 MP: 2/4
  2036 | D:3      | Noticed Terence
  2044 | D:3      | Killed Terence
  2045 | D:3      | Reached skill level 1 in Maces & Flails
  2174 | D:3      | Reached XP level 5. HP: 42/42 MP: 5/5
  2246 | D:3      | Noticed Jessica
  2252 | D:3      | Killed Jessica
  2306 | D:3      | Found a faded altar of an unknown god.
  2420 | D:4      | Noticed a phantom
  2434 | D:4      | Killed a phantom
  2435 | D:4      | Reached XP level 6. HP: 45/48 MP: 4/6
  2694 | D:4      | Reached skill level 5 in Maces & Flails
  2747 | D:4      | Reached skill level 1 in Hexes
  3091 | D:5      | Entered Level 5 of the Dungeon
  3095 | D:5      | Reached skill level 1 in Spellcasting
  3162 | D:5      | Found Tyuw's Magic Scroll Emporium.
  3228 | D:5      | Gained mutation: You sometimes gain a little power by
                  | taking damage. [demonic ancestry]
  3228 | D:5      | Reached XP level 7. HP: 54/54 MP: 7/9
  3244 | D:5      | Learned a level 3 spell: Tukima's Dance
  3340 | D:5      | Found a staircase to the Ecumenical Temple.
  3351 | Temple   | Entered the Ecumenical Temple
  3418 | Temple   | Became a worshipper of Hepliaklqana the Forgotten
  3482 | D:5      | Found Qeumom's Book Shop.
  3825 | D:5      | Found Poumor's Distillery.
  3833 | D:5      | Bought a potion of curing for 45 gold pieces
  3833 | D:5      | Bought a potion of flight for 45 gold pieces
  4299 | D:6      | Gained mutation: You have a pair of small horns on your
                  | head. [demonic ancestry]
  4299 | D:6      | Reached XP level 8. HP: 51/60 MP: 2/13
  4400 | D:6      | Reached * piety under Hepliaklqana
  4662 | D:6      | Noticed Blork the orc
  4702 | D:6      | Killed Blork the orc
  4703 | D:6      | Reached skill level 5 in Hexes
  5046 | D:6      | Found a basalt altar of Yredelemnul.
  5883 | D:7      | Reached XP level 9. HP: 37/58 MP: 12/15
  6230 | D:7      | Found a runed translucent door.
  6231 | D:7      | Noticed Crazy Yiuf
  6411 | D:7      | Killed Crazy Yiuf
  6500 | D:8      | Reached skill level 1 in Armour
  6536 | D:8      | Reached ** piety under Hepliaklqana
  6544 | D:8      | Remembered your ancestor Teicuih as a knight
  6645 | D:8      | Noticed Pikel
  6661 | D:8      | Killed Pikel
  6662 | D:8      | Reached skill level 5 in Armour
  6672 | D:8      | Reached skill level 1 in Shields
  6809 | D:8      | Reached XP level 10. HP: 39/63 MP: 11/16
  7315 | D:8      | Reached skill level 5 in Shields
  7325 | D:8      | Reached skill level 5 in Fighting
  7454 | D:5      | Bought a scroll of acquirement for 520 gold pieces
  7523 | D:8      | Acquired 568 gold pieces
  7645 | D:9      | Noticed a two-headed ogre
  7653 | D:9      | Killed a two-headed ogre
  7877 | D:9      | Found Keimoash's Mass Market.
  7967 | D:9      | Bought the +0 tower shield of the Wasteland {Regen+ Str+2
                  | Int+3} for 308 gold pieces
  8064 | D:9      | Noticed a two-headed ogre
  8071 | D:9      | Killed a two-headed ogre
  8184 | D:9      | Found a staircase to the Lair.
  8188 | D:9      | Gained mutation: You have a pair of horns on your head.
                  | [demonic ancestry]
  8188 | D:9      | Reached XP level 11. HP: 66/77 MP: 12/17
  8207 | D:9      | Reached skill level 5 in Evocations
  8211 | D:9      | Reached skill level 1 in Invocations
  8367 | D:9      | Found a radiant altar of Vehumet.
  8367 | D:9      | Found an opulent altar of Gozag.
  8382 | D:9      | Found a staircase to the Orcish Mines.
  8494 | D:9      | Found a broken altar of Ashenzari.
  8577 | D:10     | Entered Level 10 of the Dungeon
  8666 | D:10     | Noticed a two-headed ogre
  8675 | D:10     | Killed a two-headed ogre
  8676 | D:10     | Reached skill level 5 in Invocations
  8784 | D:10     | Reached *** piety under Hepliaklqana
  8807 | D:10     | Found a hide-covered altar of Uskayaw.
  8887 | D:10     | Noticed Snorg
  8898 | D:10     | Killed Snorg
  9094 | D:10     | Found Koyciv's Assorted Antiques.
  9106 | D:10     | Found Simuase's Assorted Antiques.
  9223 | D:11     | Noticed a purple ugly thing
  9232 | D:11     | Killed a purple ugly thing
  9500 | D:11     | Learned a level 2 spell: Ensorcelled Hibernation
  9544 | D:11     | Found a bloodstained altar of Trog.
  9654 | D:11     | Noticed a brown ugly thing
  9661 | D:11     | Killed a brown ugly thing
  9662 | D:11     | Reached skill level 5 in Spellcasting
  9864 | D:11     | Noticed a green ugly thing
  9873 | D:11     | Killed a green ugly thing
 10476 | D:12     | Noticed a two-headed ogre
 10476 | D:12     | Found a transporter.
 10478 | D:12     | Noticed sasquatch's ghost (journeyman DsGl)
 10479 | D:12     | Noticed a two-headed ogre
 10479 | D:12     | Identified the +4 great mace "Siatargh" {drain, rPois}
 10479 | D:12     | Noticed an ettin
 10481 | D:12     | Found a transporter.
 10481 | D:12     | Noticed a two-headed ogre
 10481 | D:12     | Noticed a two-headed ogre
 10483 | D:12     | Noticed a two-headed ogre
 10483 | D:12     | Noticed a two-headed ogre
 10488 | D:12     | Reached **** piety under Hepliaklqana
 10565 | D:12     | Noticed Nergalle
 10580 | D:12     | Killed Nergalle
 10655 | D:12     | Noticed a two-headed ogre
 10668 | D:12     | Killed a two-headed ogre
 10790 | D:12     | Noticed Gastronok
 10795 | D:12     | Noticed Frances
 10796 | D:12     | Gained mutation: You are mostly covered in yellow scales.
                  | (AC +3) [demonic ancestry]
 10796 | D:12     | Reached XP level 12. HP: 64/82 MP: 17/23
 11016 | D:12     | HP: 1/82 [Gastronok/the air (11)]
 11059 | D:12     | Killed Gastronok
 11470 | D:12     | Killed Frances
 12237 | Lair:1   | Entered Level 1 of the Lair of Beasts
 12313 | Lair:1   | Found a large runed translucent door.
 12313 | Lair:1   | Found a large runed translucent door.
 12315 | Lair:1   | Noticed Newt's ghost (journeyman KoHu)
 12459 | Lair:1   | Reached skill level 10 in Armour
 12888 | Lair:1   | Killed Newt's ghost
 13213 | Lair:2   | Found a staircase to the Shoals.
 13301 | Lair:2   | Noticed a four-headed hydra
 13310 | Lair:2   | Killed a four-headed hydra
 13594 | Lair:2   | Reached XP level 13. HP: 70/88 MP: 22/25
 13622 | Lair:2   | Found a hole to the Spider Nest.
 13852 | Lair:2   | Reached ***** piety under Hepliaklqana
 14933 | Lair:3   | Reached skill level 10 in Shields
 15648 | Lair:4   | HP: 4/88 [eight-headed hydra (2)]
 15648 | Lair:4   | Slain by an eight-headed hydra

Illustrated notes

Levels and vault maps discovered:
D:1:      sevenhm_arrival_forest_fort_large_4, layout_loops_cross,
          corner_web_ring, chequers_decorated_corner, minmay_tetromino_o2
D:2:      layout_basic, grunt_ministairs_10
D:3:      layout_basic, hellmonk_ecumenical_altar_lost_god, uniq_terence,
          uniq_jessica
D:4:      layout_basic, mainiacjoe_overflow_tiny_flanked
D:5:      layout_basic, minmay_temple_entry_arrows, serial_shops,
          nicolae_take_the_stairs, shop, nicolae_shop_advertising_works
          [nicolae_subvault_shop_adworks], st_stairs_8
D:6:      layout_basic, mainiacjoe_overflow_alcove_1, uniq_blork_the_orc
D:7:      layout_gridville, uniq_crazy_yiuf_cottage
D:8:      layout_loops_cross, minmay_gold_behind_fungi, uniq_pikel
D:9:      layout_basic, overflow_temple_1_default,
          gammafunk_temple_overflow_elements, hellmonk_lair_entry_icy,
          orc_0_dummy, minmay_shop_mass
D:10:     layout_cave_pools, nicolae_uskayaw_dance_hall, serial_shops, shop,
          nicolae_shop_overgrown_old_shop, minmay_stone_trees_small, uniq_snorg
D:11:     layout_basic, serial_corexii_hall, corexii_hall_statues_i,
          chequers_hall_statues_y, trog_butcher_becter
D:12:     layout_basic, gammafunk_ghost_smash, zin_scriptorium, uniq_frances,
          uniq_gastronok, uniq_nergalle
Temple:   nicolae_temple_x_marks_the_god
Lair:1:   layout_cellular_growth, ebering_ghost_disaster_area
Lair:2:   layout_hall_layers, elwin_shoals_entry_rocks,
          hellmonk_spider_entry_not_the_bees
Lair:3:   layout_cave_pods
Lair:4:   layout_misc_corridors, dpeg_oklob_1, grunt_megastairs_2

Skill      XL: |  1  2  3  4  5  6  7  8  9 10 11 12 13 |
---------------+----------------------------------------+-----
Stealth        | 1 |  1.5
Fighting       | 3 4 8 |  8.0
Maces & Flails | 2 4 5 7 8 9 |  9.1
Hexes          | 2 4 6 |  6.0
Spellcasting   | 1 3 4 7 8 |  8.0
Armour         | 6 10 | 10.0
Shields        | 2 5 7 10 | 10.0
Evocations     | 3 5 |  5.0
Invocations    | 8 |  8.0
Short Blades   | |  2.6
Throwing       | |  1.7
Dodging        | |  2.6

Action                     |  1- 3 |  4- 6 |  7- 9 | 10-12 | 13-15 || total
---------------------------+-------+-------+-------+-------+-------++-------
  Melee: Rapier            |    53 |       |       |       |       ||    53
         Punch             |     2 |     1 |       |       |       ||     3
         Whip              |    87 |   122 |   305 |   496 |   194 ||  1204
         Headbutt          |       |       |    42 |   144 |    51 ||   237
  Throw: Dart              |       |       |     3 |       |       ||     3
         Javelin           |       |       |     1 |     1 |       ||     2
         Throwing net      |       |       |       |     2 |       ||     2
   Cast: Tukima's Dance    |       |       |    19 |     7 |       ||    26
         Ensorcelled Hiber |       |       |       |     1 |       ||     1
 Invoke: Ancestor Life: Kn |       |       |     1 |       |       ||     1
  Evoke: Wand              |       |       |       |       |     4 ||     4
    Use: Scroll            |     4 |     7 |     3 |     7 |     3 ||    24
         Potion            |     1 |       |     2 |     4 |       ||     7
   Stab: Sleeping          |     6 |     4 |       |     1 |       ||    11
         Distracted        |       |       |     4 |     1 |     2 ||     7
 Armour: Leather armour    |    54 |    54 |   136 |    32 |       ||   276
         Acid dragon scale |       |       |       |    25 |       ||    25
         Troll leather arm |       |       |       |   123 |   101 ||   224
  Dodge: Dodged            |    79 |    58 |   219 |   180 |    73 ||   609
  Block: Buckler           |       |       |     5 |    36 |       ||    41
         Tower shield      |       |       |       |   298 |   209 ||   507

Table legend: (Time is in decaauts)
 A = Elapsed time spent in this place.
 B = Non-inter-level travel time spent in this place.
 C = Inter-level travel time spent in this place.
 D = Time resting spent in this place.
 E = Time spent auto-exploring this place.
 F = Levels seen in this place.
 G = Mean time per level.
                   A        B        C        D        E       F      G
               +--------+--------+--------+--------+--------+-----+--------+
         Total |  15616 |  14605 |   1011 |   1745 |  10379 |  17 |  918.6 |
       Dungeon |  12122 |  11263 |    859 |   1188 |   8125 |  12 | 1010.2 |
        Temple |     71 |     57 |     14 |      0 |     52 |   1 |   71.0 |
          Lair |   3422 |   3285 |    137 |    557 |   2201 |   4 |  855.5 |
               +--------+--------+--------+--------+--------+-----+--------+

Top non-repeatable levels by time:
    D:12: 1703 daAuts
     D:6: 1538 daAuts
  Lair:3: 1323 daAuts
    D:11: 1302 daAuts
  Lair:2: 1146 daAuts
     D:5: 1053 daAuts
     D:8: 1012 daAuts
     D:9: 950 daAuts
     D:1: 941 daAuts
     D:2: 887 daAuts
     D:7: 813 daAuts
  Lair:1: 781 daAuts
     D:3: 687 daAuts
    D:10: 653 daAuts
     D:4: 577 daAuts
